 Dungeon Crawl Stone Soup version 0.30-a0-637-gacddeb6d44 (webtiles) character file.

Game seed: 16353002833484205303

47 Leeroy the Slasher (level 3, 0/21 HPs)
             Began as a Tengu Warper on Jan 15, 2023.
             Slain by a goblin
             ... wielding a +0 club
              (2 damage)
             ... on level 2 of the Dungeon.
             The game lasted 00:01:00 (894 turns).

Leeroy the Slasher (Tengu Warper)                    Turns: 894, Time: 00:01:01

Health: 0/21       AC:  3    Str:  8 (11) XL:     3   Next: 70%
Magic:  16/16      EV: 11    Int: 12 (13) God:
Gold:   82         SH:  0    Dex: 13 (15) Spells: 4/6 levels left

rFire   . . .      SeeInvis .    a - +0 falchion
rCold   . . .      Faith    .    (no shield)
rNeg    . . .      Spirit   .    b - +0 leather armour
rPois   .          Reflect  .    (helmet restricted)
rElec   .          Harm     .    (no cloak)
rCorr   .          Rampage  .    (no gloves)
Will    .....                    (boots unavailable)
Stlth   +                        f - amulet of the acrobat
HPRegen 0.23/turn                i - ring of magical power
MPRegen 0.15/turn                (no ring)

@: lethally poisoned (0 -> -4)
A: beak, talons 3
a: no special abilities


You were on level 2 of the Dungeon.
You visited 1 branch of the dungeon, and saw 2 of its levels.

You collected 82 gold pieces.

Inventory:

Hand Weapons
 a - a +0 falchion (weapon)
Missiles
 d - 7 boomerangs of dispersal (quivered)
Armour
 b - a +0 leather armour (worn)
Jewellery
 f - an amulet of the acrobat (around neck)
 i - a ring of magical power (left hand)
Scrolls
 c - a scroll of blinking
 e - a scroll of noise {unknown}
 g - 2 scrolls of enchant armour {unknown}
 j - 2 scrolls of summoning {unknown}
 l - a scroll of identify {unknown}
 m - a scroll of teleportation {unknown}
 n - a scroll of fear {unknown}
 o - a scroll of enchant weapon {unknown}
Potions
 h - a potion of might {unknown}
 k - a potion of degeneration


   Skills:
 - Level 2.0 Fighting
 + Level 4.3 Long Blades
 - Level 1.0 Throwing
 - Level 1.1 Armour
 - Level 2.1 Dodging
 - Level 2.0 Spellcasting
 - Level 2.4 Translocations


You had 4 spell levels left.
You knew the following spells:

 Your Spells              Type           Power      Damage    Failure   Level
a - Blink                 Tloc           12%        N/A       22%         2

Your spell library contained the following spells:

 Spells                   Type           Power      Damage    Failure   Level
 Lesser Beckoning         Tloc           12%        N/A       41%         3
 Teleport Other           Tloc           6%         N/A       41%         3
 Vhi's Electric Charge    Tloc/Air       8%         N/A       56%         3
 Manifold Assault         Tloc           6%         N/A       82%         4


Dungeon Overview and Level Annotations

Branches:
Dungeon (2/15)

Altars:


Innate Abilities, Weirdness & Mutations

You have a beak for a mouth.
You have claws for feet.


Message History

Found a crooked gold wand.
There is a large open door here.
The goblin shouts!
The adder hisses angrily.
The adder misses you.
You closely miss the adder. Your peck misses the adder.
The adder closely misses you. The adder bites you.
You are poisoned.
The adder poisons you!
You barely miss the adder. Your kick misses the adder.
You feel sick. The goblin misses you. The adder bites you but does no damage.
You closely miss the adder. Your kick misses the adder. You peck the adder.
The adder is lightly wounded.
You feel sick. The adder bites you. The goblin barely misses you.
The adder bites you. The goblin barely misses you.
You are too injured to fight recklessly!
You are too injured to fight recklessly!
You are too injured to fight recklessly!
You are too injured to fight recklessly!
You are too injured to fight recklessly!
There are monsters nearby!
You closely miss the adder. Your kick misses the adder.
The adder is lightly wounded.
You feel sick.
You are no longer poisoned.
The adder bites you but does no damage. The goblin hits you with a +0 club.
You miss the adder. Your kick misses the adder.
The adder is lightly wounded.
The adder bites you.
* * * LOW HITPOINT WARNING * * *
You are lethally poisoned!
The adder poisons you! The goblin hits you with a +0 club.
* * * LOW HITPOINT WARNING * * *
The adder misses you.
It was a potion of degeneration.
There was something very wrong with that liquid.
You feel weakened.
You feel dopey.
You feel clumsy.
* * * LOW HITPOINT WARNING * * *
You feel sick. The adder bites you but does no damage.
The goblin hits you with a +0 club.
You die...

.....# #......#
###### #......# #
#......# ###
####......# ..#
##......†..# #.#
#..##......# #.###
#'#####'#### #...#
♣♣♣.♣♣ ##'#####
###.##♣♣....♣
#.@g/..#
#..#♣..♣♣..♣#..S...#
##.'..♣♣ ♣.♣#......#
###♣.♣ ..+......#
♣..♣ .♣#......#
♣♣... ♣#......# ♣.♣♣
#....... +#
.........


You could see an adder and a goblin.

Vanquished Creatures
  2 adders (D:2)
  A dart slug (D:2)
  2 ball pythons (D:1)
  3 endoplasms (D:1)
  A giant cockroach (D:1)
  2 goblins (D:1)
  2 hobgoblins (D:1)
  4 jackals (D:1)
  3 bats
  A frilled lizard (D:1)
  2 kobolds (D:2)
  A rat (D:2)
24 creatures vanquished.

Notes
Turn   | Place    | Note
-------+----------+-------------------------------------------
     0 | D:1      | Leeroy the Tengu Warper began the quest for the Orb.
     0 | D:1      | Reached XP level 1. HP: 12/12 MP: 4/4
   284 | D:1      | Reached XP level 2. HP: 13/17 MP: 6/6
   285 | D:1      | Reached skill level 3 in Long Blades
   288 | D:1      | Learned a level 2 spell: Blink
   769 | D:2      | Reached XP level 3. HP: 19/21 MP: 7/7
   794 | D:2      | Reached skill level 4 in Long Blades
   894 | D:2      | Slain by a goblin

Illustrated notes

Levels and vault maps discovered:
D:1:      minmay_arrival_jagged, layout_loops_cross
D:2:      layout_basic, serial_glass, glass_columns_b, glass_columns_c,
          kennysheep_another_room, uniq_crazy_yiuf_cottage

Skill      XL: |  1  2  3 |
---------------+----------+-----
Long Blades    | 3 4 |  4.3
Fighting       | |  2.0
Throwing       | |  1.0
Armour         | |  1.1
Dodging        | |  2.1
Spellcasting   | |  2.0
Translocations | |  2.4

Action                   || total
-------------------------++-------
Melee: Falchion          ||    58
       Kick              ||    10
       Peck              ||     8
  Use: Potion            ||     1
Armor: Leather armour    ||    16
Dodge: Dodged            ||    46

Table legend: (Time is in decaauts)
 A = Elapsed time spent in this place.
 B = Non-inter-level travel time spent in this place.
 C = Inter-level travel time spent in this place.
 D = Time resting spent in this place.
 E = Time spent auto-exploring this place.
 F = Levels seen in this place.
 G = Mean time per level.
                   A        B        C        D        E       F      G
               +--------+--------+--------+--------+--------+-----+--------+
         Total |    901 |    874 |     27 |      0 |    712 |   2 |  450.5 |
       Dungeon |    901 |    874 |     27 |      0 |    712 |   2 |  450.5 |
               +--------+--------+--------+--------+--------+-----+--------+

Top non-repeatable levels by time:
     D:1: 753 daAuts
     D:2: 148 daAuts
